 Dungeon Crawl Stone Soup version 0.32-a0-473-gd044c6f0f0 (webtiles) character file.

Game seed: 11322544387387299192

256 BubbleThief the Ruffian (level 6, -5/42 HPs)
             Began as an Octopode Shapeshifter on Feb 25, 2024.
             Slain by an ice beast (10 damage)
             ... on level 4 of the Dungeon.
             The game lasted 00:03:21 (2798 turns).

BubbleThief the Ruffian (Octopode Shapeshifter)     Turns: 2798, Time: 00:03:22

Health: -5/42      AC:  1    Str: 16    XL:     6   Next: 16%
Magic:  6/6        EV: 13    Int: 12    God:
Gold:   151        SH:  0    Dex: 11    Spells: 5/5 levels left

rFire   . .          .
                       - Unarmed
rCold   . . .        (no shield)
rNeg    . . .        (helmet currently unavailable)
rPois   .            (no amulet)
rElec   .            (no ring)
rCorr   .            (no ring)
SInv    .            (no ring)
Will    .....        (no ring)
Stlth   ++           (no ring)
HPRegen 0.27/turn    (no ring)
MPRegen 0.10/turn    (no ring)
                     (no ring)

%: no passive effects
@: beast-form
A: beast (slay +2), almost no armour, amphibious, 8 rings, camouflage 1,
gelatinous body 1, (nimble swimmer 1), tentacles
a: Begin Untransformation


You were on level 4 of the Dungeon.
You were a hulking beast.
You visited 1 branch of the dungeon, and saw 5 of its levels.

You collected 151 gold pieces.

Inventory:

Talismans
 b - a beast talisman (active)
 c - a flux talisman
Wands
 t - a wand of mindburst (7)
Scrolls
 g - a scroll of fog {unknown}
 j - a scroll of vulnerability {unknown}
 k - 4 scrolls of identify {unknown}
 l - a scroll of noise {unknown}
 n - a scroll of immolation {unknown}
 o - a scroll of fear {unknown}
 r - a scroll of silence {unknown}
 s - a scroll of enchant armour {unknown}
 u - a scroll of teleportation {unknown}
Potions
 a - 4 potions of lignification
 d - 5 potions of curing {unknown}
 e - 3 potions of might {unknown}
 f - a potion of magic {unknown}
 h - a potion of degeneration {unknown}
 i - a potion of mutation {unknown}
 m - a potion of enlightenment {unknown}
 p - a potion of invisibility {unknown}
 q - a potion of brilliance {unknown}
 v - a potion of attraction {unknown}


   Skills:
 + Level 3.4 Fighting
 - Level 2.0 Dodging
 + Level 4.5 Unarmed Combat
 + Level 4.3 Shapeshifting


You had 5 spell levels left.
You didn't know any spells.
Your spell library contained the following spells:

 Spells                   Type           Power      Damage    Failure   Level
 Necrotise                Necr           0%         1d4       32%         1
 Inner Flame              Hex/Fire       0%         N/A       69%         3
 Vampiric Draining        Necr           0%         2d6       69%         3
 Martyr's Knell           Necr/Summ      0%         N/A       97%         4
 Summon Lightning Spire   Summ/Air       0%         N/A       97%         4
 Curse of Agony           Necr           0%         N/A       100%        5
 Irradiate                Conj/Alch      0%         3d11      100%        5
 Lee's Rapid Deconstruct  Erth           0%         3d4*      100%        5
 Ignition                 Fire           0%         3d3       100%        8
 Animate Armour           Summ/Erth      Unusable   N/A       N/A         4

Dungeon Overview and Level Annotations

Branches:
Dungeon (5/15)
 Temple: D:4-7

Altars:


Innate Abilities, Weirdness & Mutations

You are a hulking beast.
Your limbs bulge with bestial killing power. (Slay +2)
You cannot wear most types of armour.
You are amphibious.
You can wear up to eight rings at the same time.
Your skin changes colour to match your surroundings (Stealth+).
Your rubbery body absorbs attacks. (AC +1, EV +1)
((You are camouflaged when in or above water. (Stealth+)))
You have tentacles for arms and can constrict up to eight enemies at once.


Message History

You kill the orc!
No target in view!
Items here: )) [[ ††.
You now have 151 gold pieces (gained 8).
Things that are here:
a +0 trident; a +0 scale mail
Items here: )) [[ ††.
Items here: )) [ ††.
An endoplasm comes into view.
Found a stone staircase leading up.
Found a +0 dagger.
The endoplasm quivers.
The endoplasm freezes you.
You are frozen.
You barely miss the endoplasm. You squeeze the endoplasm.
The endoplasm is lightly wounded.
The endoplasm barely misses you.
You bludgeon the endoplasm!
You kill the endoplasm!
No target in view!
An ice beast comes into view.
An ice beast is nearby!
You tentacle-slap the ice beast.
The ice beast is lightly wounded.
The ice beast hits you. The ice beast freezes you!
You barely miss the ice beast. Your squeeze misses the ice beast.
The ice beast is lightly wounded.
The ice beast hits you. The ice beast freezes you!
You are too injured to fight recklessly!
You are too injured to fight recklessly!
You bludgeon the ice beast! Your squeeze misses the ice beast.
The ice beast is heavily wounded.
The ice beast hits you. The ice beast freezes you!
* * * LOW HITPOINT WARNING * * *
You tentacle-slap the ice beast.
The ice beast is heavily wounded.
The ice beast hits you.
* * * LOW HITPOINT WARNING * * *
The ice beast freezes you!
You die...

#~.~~.~~~ #
########...~.~~.
.####......#~~≈~~~≈≈
........#.##≈≈≈≈≈≈≈
#......#.##≈≈≈≈≈≈≈
#.........##≈≈≈≈≈#
#......#.#.#######
#......#.#......##
#h#......#<......#
#....Y.#######.........
###.#### ####.......#
#. #...#....... #
###...##...###
#.......#..#..
#..........#.#
#....)..#.##.#
.......#.#.....


You could see an ice beast.

Vanquished Creatures
  2 orc priests (D:4)
  A sleepcap (D:4)
  4 gnolls (D:2)
  5 adders
  A dart slug (D:4)
  3 ribbon worms
  15 orcs
  3 ball pythons
  4 endoplasms
  5 hobgoblins
  9 kobolds
  6 quokkas
  2 bats
  A frilled lizard (D:1)
  5 goblins
  2 rats
68 creatures vanquished.

Notes
Turn   | Place    | Note
-------+----------+-------------------------------------------
     0 | D:1      | BubbleThief the Octopode Shapeshifter began the quest for
                  | the Orb.
     0 | D:1      | Reached XP level 1. HP: 13/13 MP: 1/1
   129 | D:1      | Reached XP level 2. HP: 15/18 MP: 2/2
  1046 | D:2      | Reached XP level 3. HP: 18/24 MP: 3/3
  1238 | D:2      | Reached XP level 4. HP: 18/30 MP: 4/4
  1971 | D:4      | Reached XP level 5. HP: 15/35 MP: 5/5
  2393 | D:4      | You fall into a shaft and drop 1 floor!
  2393 | D:5      | Entered Level 5 of the Dungeon
  2712 | D:4      | Reached XP level 6. HP: 33/42 MP: 6/6
  2792 | D:4      | Noticed an ice beast
  2798 | D:4      | Slain by an ice beast

Illustrated notes

Levels and vault maps discovered:
D:1:      minmay_arrival_hallway, layout_loops_ring
D:2:      kennysheep_big_flooded_room, layout_loops_ring
D:3:      layout_rooms
D:4:      layout_loops_cross, minmay_misc_feat_tower, nicolae_underground_beach
D:5:      layout_basic, mainiacjoe_overflow_24_doors, nicolae_half_adder,
          uniq_pikel

Skill      XL: |  1  2  3  4  5 |
---------------+----------------+-----
Fighting       | 2 3 |  3.4
Unarmed Combat | 4 |  4.5
Shapeshifting  | 4 |  4.3
Dodging        | |  2.0

Action                     |  1- 3 |  4- 6 || total
---------------------------+-------+-------++-------
  Melee: Unarmed           |    49 |   102 ||   151
         Constrict         |    14 |    27 ||    41
         Tentacles         |     7 |    20 ||    27
         Punch             |     1 |     2 ||     3
   Stab: Sleeping          |     3 |     3 ||     6
 Armour: Skin              |    12 |    29 ||    41
  Dodge: Dodged            |    24 |    44 ||    68

Table legend: (Time is in decaauts)
 A = Elapsed time spent in this place.
 B = Non-inter-level travel time spent in this place.
 C = Inter-level travel time spent in this place.
 D = Time resting spent in this place.
 E = Time spent auto-exploring this place.
 F = Levels seen in this place.
 G = Mean time per level.
                   A        B        C        D        E       F      G
               +--------+--------+--------+--------+--------+-----+--------+
         Total |   2787 |   2704 |     83 |     48 |   2192 |   5 |  557.4 |
       Dungeon |   2787 |   2704 |     83 |     48 |   2192 |   5 |  557.4 |
               +--------+--------+--------+--------+--------+-----+--------+

Top non-repeatable levels by time:
     D:2: 831 daAuts
     D:4: 829 daAuts
     D:1: 692 daAuts
     D:3: 404 daAuts
     D:5: 29 daAuts
